Map: Abyssal Reef LE

Players

Serral - Winner!

  • Race: Zerg Zerg
  • Spawn Location: 11:00

Elazer

  • Race: Zerg Zerg
  • Spawn Location: 5:00

Event: WCS Jonkoping 2017

VOD

Have the link to the VOD?

Description

Time

  • Played on: June 19, 2017, 11:14 a.m.
  • Length: 6:53

All games in this series

Show
View Real Time Build Order
Export as new Build Order

Serral Zerg - Winner!

Build Orders: Hatch First, Zergling Baneling 

Get SALT Encoding   

  12  0:01  Drone  
  13  0:12  Overlord  
  13  0:17  Drone  
  14  0:31  Drone x2  
  14  0:34  Drone  
  17  0:52  Hatchery  
  17  0:55  Drone  
  17  0:58  Drone  
  18  1:09  Extractor  
  17  1:13  Spawning Pool  
  17  1:16  Drone  
  17  1:20  Drone  
  18  1:28  Drone  
  19  1:40  Overlord  
  19  1:59  Queen  
  19  2:00  Zergling x2  
  19  2:01  Zergling x2  
  23  2:03  Queen  
  23  2:04  Zergling x2  
  26  2:08  Metabolic Boost  
  26  2:11  Drone  
  27  2:17  Drone  
  27  2:22  Drone  
  29  2:25  Drone  
  30  2:32  Drone  
  31  2:41  Hatchery  
  30  2:49  Baneling Nest  
  30  2:50  Drone x2  
  31  2:54  Drone  
  32  3:00  Overlord  
  32  3:02  Drone  
  32  3:05  Drone  
  34  3:07  Drone  
  34  3:09  Drone  
  36  3:14  Overlord  
  36  3:19  Drone x3  
  38  3:28  Zergling x4  
  38  3:32  Baneling x2  
  38  3:33  Drone x2  
  42  3:35  Queen  
  42  3:40  Zergling x2  
  45  3:44  Zergling x2  
  45  3:45  Zergling x6  
  45  3:47  Baneling  
  49  3:55  Baneling  
  49  3:57  Zergling x8  
  49  3:59  Queen  
  49  4:00  Baneling  
  53  4:07  Overlord  
  53  4:08  Drone x3  
  56  4:15  Overlord  
  56  4:18  Roach Warren  
  56  4:19  Drone  
  56  4:20  Drone  
  56  4:23  Baneling  
  56  4:24  Baneling  
  56  4:27  Drone x3  
  59  4:33  Zergling x8  
  63  4:39  Overlord  
  63  4:40  Drone x2  
  63  4:43  Extractor  
  63  4:44  Extractor  
  62  4:48  Overlord  
  62  4:53  Baneling x2  
  57  5:07  Roach  
  57  5:08  Roach x2  
  57  5:12  Drone  
  57  5:13  Drone  
  57  5:14  Overlord  
  64  5:18  Roach x2  
  70  5:21  Roach  
  70  5:27  Roach x2  
  74  5:30  Extractor  
  74  5:33  Roach x2  
  77  5:40  Roach  
  77  5:41  Roach  
  80  5:45  Overlord  
  80  5:46  Roach  
  80  5:47  Roach  
  84  5:51  Zergling x6  
  84  5:52  Zergling x14  
  84  5:53  Overlord  
  94  5:58  Zergling x2  
  94  5:59  Zergling x4  
  97  6:04  Zergling x4  
  99  6:12  Queen  
  99  6:15  Baneling x7  
  99  6:16  Baneling x4  
  99  6:20  Zergling x12  
  105  6:32  Zergling x2  
  103  6:33  Zergling x8  
Show
View Real Time Build Order
Export as new Build Order

Elazer Zerg 

Build Orders: Hatch First 

Get SALT Encoding   

  12  0:00  Drone  
  13  0:12  Overlord  
  13  0:17  Drone  
  14  0:30  Drone x2  
  14  0:34  Drone  
  17  0:51  Hatchery  
  17  0:54  Drone  
  17  0:57  Drone  
  17  1:00  Extractor  
  17  1:12  Spawning Pool  
  17  1:16  Drone  
  17  1:19  Drone  
  18  1:28  Drone  
  19  1:38  Overlord  
  19  1:59  Queen, Zergling x4  
  19  2:00  Metabolic Boost  
  23  2:03  Queen  
  26  2:08  Zergling x2  
  26  2:13  Drone  
  26  2:15  Drone  
  28  2:21  Drone  
  29  2:28  Drone  
  30  2:39  Hatchery  
  29  2:44  Queen  
  29  2:49  Overlord  
  31  2:52  Drone  
  31  2:55  Drone  
  31  2:57  Drone  
  34  3:00  Drone  
  34  3:02  Drone  
  36  3:09  Zergling x6  
  39  3:13  Zergling x2  
  39  3:16  Zergling x2  
  39  3:18  Zergling x2  
  42  3:25  Zergling x4  
  44  3:31  Roach Warren, Overlord  
  43  3:34  Drone  
  44  3:51  Zergling x6  
  44  3:53  Overlord  
  44  3:55  Drone x2  
  46  3:58  Drone  
  46  3:59  Drone x2  
  46  4:00  Drone  
  46  4:01  Drone  
  52  4:03  Drone x2  
  52  4:12  Drone  
  52  4:13  Drone  
  52  4:16  Overlord  
  54  4:18  Roach x2  
  54  4:20  Extractor, Roach  
  54  4:23  Drone  
  51  4:28  Drone  
  52  4:32  Roach x2  
  56  4:38  Overlord  
  56  4:39  Roach  
  57  4:49  Roach  
  57  4:51  Drone  
  56  4:53  Drone x3  
  56  4:54  Drone  
  56  4:55  Drone  
  61  5:00  Overlord  
  61  5:06  Drone x3  
  54  5:07  Drone  
  54  5:08  Drone  
  54  5:12  Roach  
  58  5:15  Roach x2  
  58  5:19  Roach  
  64  5:25  Roach  
  64  5:26  Zergling x6  
  70  5:28  Drone x2  
  70  5:30  Drone  
  70  5:31  Drone  
  73  5:36  Drone  
  73  5:37  Drone  
  73  5:39  Overlord  
  73  5:40  Drone  
  75  5:43  Drone x2  
  75  5:44  Extractor, Drone  
  75  5:47  Drone x2  
  75  5:48  Drone  
  80  5:50  Drone  
  80  5:52  Drone  
  82  6:00  Drone x2  
  82  6:02  Roach  
  82  6:03  Evolution Chamber  
  82  6:04  Roach  
  87  6:08  Roach x2  
  87  6:10  Roach  
  91  6:14  Roach  
  91  6:18  Overlord  
  92  6:21  Zergling x6, Roach  
  92  6:22  Extractor  
  98  6:31  Overlord  
Tags
 
Add a new tag
Caveats
  • Supply blocks, unpowered buildings, or Contaminate may cause inaccurate times.
  • Supply counts are checked every 10 seconds.